AoeStats
← mandalvarado

Arena

509809358Analyzed
3v3 RM · 5d ago on Sep 28, 2026· 55m 17s· 6 players
Game mode
Random Map
Map size
Normal (6 player)
Population
200
Speed
Normal
Resources
Standard
Victory
Conquest
Starting age
Dark Age
Ending age
Imperial Age
RankedLock teamsTeams togetherTeam positionsShared explorationLock speedFull tech treeHidden civsTurbo modeCheats
Victory
Defeat
🇨🇷 Aztecs · Costa Rica
846
+15
🇧🇷 Vietnamese · Brazil
820
+16
🇧🇷 Lithuanians · Brazil
728
+21
🇦🇷 Danes · Argentina
837
-18
🇦🇷 Romans · Argentina
817
-17
🇦🇷 Spanish · Argentina
812
-17
gM1
11:04 Feudal Age
11:50 Double-Bit Axe
11:47 Horse Collar
18:29 Castle Age
16:52 Stone Mining
18:58 Wheelbarrow
19:55 Gold Mining
20:34 Bow Saw
20:33 Heavy Plow
21:59 Town Watch
26:45 Loom
27:18 Hand Cart
32:05 Imperial Age
29:44 Caravan
30:37 Stone Shaft Mining
30:36 Padded Archer Armor
30:28 Fletching
31:54 Ballistics
31:17 Treadmill Crane
33:20 Coinage
32:15 Elite Rattan Archer
33:25 Forging
33:31 Leather Archer Armor
33:12 Bodkin Arrow
33:38 Town Patrol
34:13 Husbandry
35:25 Chemistry
34:16 Elite Battle Elephant
37:23 Scale Barding Armor
37:49 Ring Archer Armor
37:20 Bracer
38:04 Chatras
41:17 Chain Barding Armor
41:33 Iron Casting
47:10 Plate Barding Armor
51:53 Bloodlines
52:26 Hoardings
52:19 Paper Money
52:22 Guilds
52:42 Banking
67135820zz
13:38 Feudal Age
18:10 Castle Age
16:44 Double-Bit Axe
16:43 Horse Collar
16:58 Gold Mining
19:52 Forging
25:11 Heavy Plow
25:04 Pikeman
25:45 Squires
25:30 Arson
29:36 Bow Saw
30:56 Wheelbarrow
34:01 Imperial Age
36:57 Cavalier
39:44 Two-Man Saw
42:33 Chemistry
43:34 Light Cavalry
44:28 Halberdier
47:18 Paladin
56:22 Crop Rotation
mandalvarado
2:12 Loom
10:33 Feudal Age
12:16 Double-Bit Axe
19:48 Castle Age
18:25 Stone Mining
18:18 Horse Collar
18:39 Gold Mining
18:27 Man-at-Arms
20:26 Forging
27:03 Wheelbarrow
27:06 Long Swordsman
27:32 Gambesons
31:13 Imperial Age
29:10 Hand Cart
31:28 Imperial Age
29:39 Heavy Plow
30:18 Gold Shaft Mining
30:18 Stone Shaft Mining
29:38 Gambesons
30:16 Long Swordsman
31:40 Bow Saw
32:09 Stone Shaft Mining
31:43 Caravan
32:22 Elite Jaguar Warrior
33:43 Iron Casting
33:09 Scale Mail Armor
33:55 Two-Handed Swordsman
34:36 Squires
34:22 Arson
33:58 Pikeman
33:59 Eagle Warrior
34:29 Capped Ram
36:21 Blast Furnace
35:37 Chain Mail Armor
37:41 Garland Wars
36:44 Siege Ram
37:20 Champion
38:43 Crop Rotation
40:56 Plate Mail Armor
40:32 Elite Eagle Warrior
45:58 Elite Skirmisher
46:49 Fletching
47:00 Padded Archer Armor
47:02 Atlatl
47:28 Conscription
53:55 Imperial Skirmisher
54:33 Bodkin Arrow
54:53 Leather Archer Armor
Kenway7332
9:57 Feudal Age
8:16 Loom
11:11 Double-Bit Axe
11:34 Horse Collar
17:39 Castle Age
31:15 Forging
33:00 Town Watch
33:21 Arson
36:51 Imperial Age
36:33 Thumb Ring
37:25 Fletching
38:12 Iron Casting
37:38 Scale Mail Armor
37:39 Padded Archer Armor
37:20 Cranequins
38:09 Squires
37:57 Gambesons
39:40 Wheelbarrow
39:08 Town Patrol
39:31 Ballistics
40:31 Elite Jomsviking
43:43 Blast Furnace
43:09 Northmen's Fury
43:18 Capped Ram
45:25 Elite Varangian Guard
51:08 Siege Ram
52:35 Bow Saw
elchori3105
10:42 Feudal Age
11:22 Double-Bit Axe
11:19 Horse Collar
16:45 Castle Age
15:19 Stone Mining
16:31 Loom
23:36 Heavy Plow
28:50 Imperial Age
26:33 Fletching
28:15 Ballistics
28:32 Wheelbarrow
27:43 Town Watch
28:28 Gold Mining
30:24 Forging
30:15 Scale Mail Armor
30:16 Padded Archer Armor
31:15 Hoardings
30:00 Elite Conquistador
31:01 Conscription
31:03 Pikeman
32:06 Squires
32:44 Iron Casting
32:24 Chain Mail Armor
32:05 Bodkin Arrow
32:28 Halberdier
34:08 Leather Archer Armor
34:54 Blast Furnace
35:08 Elite Skirmisher
35:51 Bracer
36:22 Plate Mail Armor
38:06 Ring Archer Armor
38:42 Hand Cart
39:25 Husbandry
39:35 Bloodlines
39:15 Arson
43:35 Scale Barding Armor
51:12 Light Cavalry
52:15 Chain Barding Armor
51:53 Hussar
52:57 Town Patrol
TheTotii18
12:58 Feudal Age
14:16 Wheelbarrow
13:31 Double-Bit Axe
13:28 Horse Collar
19:25 Castle Age
18:38 Stone Mining
20:44 Hand Cart
23:15 Bow Saw
23:08 Heavy Plow
25:10 Gold Mining
29:56 Gold Shaft Mining
31:09 Ballistas
34:48 Imperial Age
34:26 Forging
34:17 Scale Mail Armor
34:22 Scale Barding Armor
34:27 Light Cavalry
35:17 Bloodlines
35:09 Husbandry
35:54 Comitatenses
35:06 Sappers
35:57 Conscription
36:13 Crop Rotation
37:44 Iron Casting
37:33 Chain Barding Armor
43:39 Chemistry
43:00 Ballistics
42:53 Fortified Wall
42:58 Heavy Scorpion
44:32 Man-at-Arms
45:04 Long Swordsman
Connection lost

Rejoining the realm…

Still unreachable

The connection could not be restored.

Session expired

The server has moved on; the page needs a fresh start.